3AAA
ALASKAN HUMPBACKS @ HOUSTON BC
09/18/2034
 
TOP OF THE 1ST
Alaskan Humpbacks batting - Pitching for Houston BC : RHP Nolan Howard
Pitching: RHP Nolan Howard
Batting: LHB Dallas Ihde 0-0: Ball
1-0: Ball
2-0: Called Strike
2-1: Ball
3-1: Base on Balls
Batting: LHB Gabriel Amezquita 0-0: Ball
1-0: Foul Ball, location: 2F
1-1: Ball
2-1: Foul Ball, location: 2F
2-2: Foul Ball, location: 2F
2-2: Ball
Wild Pitch!
Dallas Ihde to second
3-2: Foul Ball, location: 2F
3-2: Foul Ball, location: 2F
3-2: Foul Ball, location: 2F
3-2: Foul Ball, location: 2F
3-2: Ground out 3-1 (Groundball, 34)
Dallas Ihde to third
Batting: RHB Sigi Lang 0-0: Ball
1-0: Swinging Strike
1-1: Ground out 3-1 (Groundball, 34S)
Dallas Ihde scores
Batting: RHB Jimbob Ghostkeeper 0-0: Ball
1-0: Called Strike
1-1: Foul Ball, location: 2F
1-2: Ball
2-2: SINGLE (Line Drive, 9LS)
Batting: RHB Erik Sterk 0-0: Called Strike
0-1: Ground out 5-3 (Groundball, 56)
Top of the 1st over - 1 run, 1 hit, 0 errors, 1 left on base; Alaskan 1 - Houston 0
BOTTOM OF THE 1ST
Houston BC batting - Pitching for Alaskan Humpbacks : RHP Raneem Zogby
Pitching: RHP Raneem Zogby
Batting: RHB Jud Regan 0-0: Called Strike
0-1: Called Strike
0-2: Ball
1-2: Ball
2-2: Ball
3-2: Strikes out looking
Batting: RHB Ken Gardner 0-0: Ball
1-0: Called Strike
1-1: Foul Ball, location: 2F
1-2: Foul Ball, location: 2F
1-2: Ball
2-2: Strikes out looking
Batting: RHB Ryoma Yamamoto 0-0: Ball
1-0: Fly out, F7 (Flyball, 7D)
Bottom of the 1st over - 0 runs, 0 hits, 0 errors, 0 left on base; Alaskan 1 - Houston 0
TOP OF THE 2ND
Alaskan Humpbacks batting - Pitching for Houston BC : RHP Nolan Howard
Batting: RHB Wally Briggs 0-0: Called Strike
0-1: Ball
1-1: Foul Ball, location: 2F
1-2: Foul Ball, location: 2F
1-2: Ball
2-2: SINGLE (Groundball, 34) (infield hit)
Batting: RHB Jon Moon 0-0: Ball
1-0: Ball
Throwing error on steal attempt, E2
Wally Briggs to third
2-0: Foul Ball, location: 2F
2-1: Ball
3-1: Foul Ball, location: 2F
3-2: Foul Ball, location: 2F
3-2: Strikes out swinging
Batting: LHB Felipe Soto 0-0: Ball
1-0: Ball
2-0: Called Strike
2-1: Ball
3-1: Called Strike
3-2: Ground out 6-3 (Groundball, 6M)
Wally Briggs scores
Batting: RHB Chris Walters 0-0: Ball
1-0: Ball
2-0: Fly out, F8 (Flyball, 78D)
Top of the 2nd over - 1 run, 1 hit, 1 error, 0 left on base; Alaskan 2 - Houston 0
BOTTOM OF THE 2ND
Houston BC batting - Pitching for Alaskan Humpbacks : RHP Raneem Zogby
Batting: LHB Rich Watkins 0-0: Called Strike
0-1: Ball
1-1: Ground out 4-3 (Groundball, 34D)
Batting: LHB Tony Vega 0-0: Ball
1-0: Ball
2-0: Foul Ball, location: 2F
2-1: Ball
3-1: Foul Ball, location: 2F
3-2: Base on Balls
Batting: RHB Abraham Phelps 0-0: Foul Ball, location: 2F
0-1: Fly out, F9 (Flyball, 9LD)
Batting: RHB Alfredo Mojica 0-0: Ball
1-0: Foul Ball, location: 2F
1-1: Foul Ball, location: 2F
1-2: Ball
2-2: Foul Ball, location: 2F
2-2: Ground out 5-3 (Groundball, 56S)
Bottom of the 2nd over - 0 runs, 0 hits, 0 errors, 1 left on base; Alaskan 2 - Houston 0
TOP OF THE 3RD
Alaskan Humpbacks batting - Pitching for Houston BC : RHP Nolan Howard
Batting: LHB Dallas Ihde 0-0: Fly out, F7 (Flyball, 7)
Batting: LHB Gabriel Amezquita 0-0: Fly out, F8 (Flyball, 8LM)
Batting: RHB Sigi Lang 0-0: Ball
1-0: Swinging Strike
1-1: Ground out 5-3 (Groundball, 5)
Top of the 3rd over - 0 runs, 0 hits, 0 errors, 0 left on base; Alaskan 2 - Houston 0
BOTTOM OF THE 3RD
Houston BC batting - Pitching for Alaskan Humpbacks : RHP Raneem Zogby
Batting: RHB Noël Sassetti 0-0: Foul Ball, location: 2F
0-1: Ball
1-1: Foul Ball, location: 2F
1-2: Ball
2-2: Strikes out looking
Batting: RHB José Perea 0-0: Ball
1-0: Called Strike
1-1: Foul Ball, location: 2F
1-2: Ground out 4-3 (Groundball, 4M)
Batting: RHB Jud Regan 0-0: Called Strike
0-1: Ball
1-1: Ball
2-1: Called Strike
2-2: Ball
3-2: Base on Balls
Batting: RHB Ken Gardner 0-0: Called Strike
0-1: Ball
Pickoff Throw to First - Error! E1
Jud Regan to second
1-1: Ball
2-1: Ball
3-1: Foul Ball, location: 2F
3-2: Foul Ball, location: 2F
3-2: Ground out 1-3 (Groundball, P)
Bottom of the 3rd over - 0 runs, 0 hits, 1 error, 1 left on base; Alaskan 2 - Houston 0
TOP OF THE 4TH
Alaskan Humpbacks batting - Pitching for Houston BC : RHP Nolan Howard
Batting: RHB Jimbob Ghostkeeper 0-0: Foul Ball, location: 2F
0-1: Ball
1-1: Swinging Strike
1-2: Ball
2-2: Ball
3-2: Foul Ball, location: 2F
3-2: Base on Balls
Batting: RHB Erik Sterk 0-0: Ball
1-0: Called Strike
1-1: Ball
2-1: Foul Ball, location: 2F
2-2: Ball
3-2: Base on Balls
Jimbob Ghostkeeper to second
Batting: RHB Wally Briggs 0-0: Called Strike
0-1: Ball
1-1: Grounds into double play, 6-4-3 (Groundball, 6)
Jimbob Ghostkeeper to third
Batting: RHB Jon Moon 0-0: SINGLE (Flyball, 9LS)
Jimbob Ghostkeeper scores
Batting: LHB Felipe Soto 0-0: Called Strike
0-1: Ball
1-1: Ball
2-1: Foul Ball, location: 2F
2-2: SINGLE (Groundball, 6D)
Jon Moon to second
Runner from 2nd tries for 3rd, SAFE, throw made to third
Batting: RHB Chris Walters 0-0: Ball
1-0: Ball
2-0: Called Strike
2-1: Swinging Strike
2-2: Strikes out looking
Top of the 4th over - 1 run, 2 hits, 0 errors, 2 left on base; Alaskan 3 - Houston 0
BOTTOM OF THE 4TH
Houston BC batting - Pitching for Alaskan Humpbacks : RHP Raneem Zogby
Batting: RHB Ryoma Yamamoto 0-0: Ball
1-0: Ground out 6-3 (Groundball, 6)
Batting: LHB Rich Watkins 0-0: Foul Ball, location: 2F
0-1: SINGLE (Line Drive, 89S)
Batting: LHB Tony Vega 0-0: Called Strike
0-1: Ball
1-1: Ball
2-1: Swinging Strike
2-2: Ball
3-2: Base on Balls
Rich Watkins to second
Batting: RHB Abraham Phelps 0-0: Swinging Strike
0-1: Fly out, F9 (Flyball, 89XD)
Runner from 2nd tags up, SAFE at 3rd, no throw
Batting: RHB Alfredo Mojica 0-0: SINGLE (Groundball, 56D)
Rich Watkins scores
Tony Vega to second
Batting: RHB Noël Sassetti 0-0: Foul Ball, location: 2F
0-1: Ball
1-1: Ball
2-1: Ground out 2-3 (Groundball, 2L)
Bottom of the 4th over - 1 run, 2 hits, 0 errors, 2 left on base; Alaskan 3 - Houston 1
TOP OF THE 5TH
Alaskan Humpbacks batting - Pitching for Houston BC : RHP Nolan Howard
Batting: LHB Dallas Ihde 0-0: Called Strike
0-1: Ball
1-1: Ball
2-1: Foul Ball, location: 2F
2-2: Foul Ball, location: 2F
2-2: Foul Ball, location: 2F
2-2: Foul Ball, location: 2F
2-2: Ball
3-2: Foul Ball, location: 2F
3-2: Base on Balls
Batting: LHB Gabriel Amezquita 0-0: Ball
1-0: Ball
2-0: Sac Bunt - play at first, batter OUT! 2-3
Dallas Ihde to second
Batting: RHB Sigi Lang 0-0: Called Strike
0-1: Ball
1-1: Ball
2-1: Swinging Strike
2-2: Strikes out swinging
Batting: RHB Jimbob Ghostkeeper 0-0: Ball
1-0: SINGLE (Line Drive, 6MD)
Dallas Ihde to third
Runner from 3rd tries for Home, SAFE, no throw
Batting: RHB Erik Sterk 0-0: Ball
1-0: Called Strike
1-1: Ball
2-1: Fly out, F7 (Flyball, 7S)
Top of the 5th over - 1 run, 1 hit, 0 errors, 1 left on base; Alaskan 4 - Houston 1
BOTTOM OF THE 5TH
Houston BC batting - Pitching for Alaskan Humpbacks : RHP Raneem Zogby
Batting: RHB José Perea 0-0: Ground out 3-1 (Groundball, 34)
Batting: RHB Jud Regan 0-0: Foul Ball, location: 2F
0-1: Swinging Strike
0-2: Ball
1-2: Strikes out swinging
Batting: RHB Ken Gardner 0-0: Foul Ball, location: 2F
0-1: Foul Ball, location: 2F
0-2: Ground out 5-3 (Groundball, 56S)
Bottom of the 5th over - 0 runs, 0 hits, 0 errors, 0 left on base; Alaskan 4 - Houston 1
TOP OF THE 6TH
Alaskan Humpbacks batting - Pitching for Houston BC : RHP Nolan Howard
Batting: RHB Wally Briggs 0-0: Fly out, F7 (Line Drive, 78M)
Batting: RHB Jon Moon 0-0: Ball
1-0: Swinging Strike
1-1: Ball
2-1: Ball
3-1: Base on Balls
Batting: LHB Felipe Soto 0-0: Ball
1-0: Called Strike
1-1: Swinging Strike
1-2: Foul Ball, location: 2F
1-2: Ball
2-2: Ball
3-2: Foul Ball, location: 2F
3-2: Base on Balls
Jon Moon to second
Pitching: RHP Bryan Palmer
Batting: RHB Chris Walters 0-0: Foul Ball, location: 2F
0-1: Fly out, F9 (Line Drive, 9)
Batting: LHB Dallas Ihde 0-0: Ball
1-0: Ball
2-0: Foul Ball, location: 2F
2-1: Called Strike
2-2: Ball
3-2: Ground out 4-3 (Groundball, 4)
Top of the 6th over - 0 runs, 0 hits, 0 errors, 2 left on base; Alaskan 4 - Houston 1
BOTTOM OF THE 6TH
Houston BC batting - Pitching for Alaskan Humpbacks : RHP Raneem Zogby
Batting: RHB Ryoma Yamamoto 0-0: Ball
1-0: Foul Ball, location: 2F
1-1: Ball
2-1: Swinging Strike
2-2: Ball
3-2: Foul Ball, location: 2F
3-2: Strikes out looking
Batting: LHB Rich Watkins 0-0: Called Strike
0-1: Ball
1-1: Swinging Strike
1-2: Fly out, F8 (Flyball, 8LXD)
Batting: LHB Tony Vega 0-0: SINGLE (Groundball, 4MD)
Pitching: RHP Sima Babic
Batting: RHB Abraham Phelps 0-0: Ball
1-0: Ball
2-0: Ball
3-0: Base on Balls
Tony Vega to second
Batting: RHB Alfredo Mojica 0-0: Called Strike
0-1: Swinging Strike
0-2: Ball
1-2: Foul Ball, location: 2F
1-2: Ball
2-2: Ball
3-2: Strikes out swinging
Bottom of the 6th over - 0 runs, 1 hit, 0 errors, 2 left on base; Alaskan 4 - Houston 1
TOP OF THE 7TH
Alaskan Humpbacks batting - Pitching for Houston BC : RHP Bryan Palmer
Batting: LHB Gabriel Amezquita 0-0: Ball
1-0: Ball
2-0: Foul Ball, location: 2F
2-1: Ball
3-1: Base on Balls
Batting: RHB Sigi Lang 0-0: Foul Ball, location: 2F
0-1: Called Strike
0-2: Foul Ball, location: 2F
0-2: Foul Ball, location: 2F
0-2: Foul Ball, location: 2F
0-2: Ball
1-2: Fly out, F8 (Line Drive, 8LXD)
Runner from 1st tags up, SAFE at 2nd
Batting: RHB Jimbob Ghostkeeper 0-0: Intentional Walk
Batting: RHB Erik Sterk 0-0: Foul Ball, location: 2F
0-1: Called Strike
0-2: Foul Ball, location: 2F
0-2: Foul Ball, location: 2F
0-2: Ball
1-2: Grounds into double play, 5-4-3 (Groundball, 56)
Top of the 7th over - 0 runs, 0 hits, 0 errors, 1 left on base; Alaskan 4 - Houston 1
BOTTOM OF THE 7TH
Houston BC batting - Pitching for Alaskan Humpbacks : RHP Sima Babic
Batting: RHB Noël Sassetti 0-0: Fly out, F8 (Flyball, 78M)
Batting: RHB José Perea 0-0: Ball
1-0: Called Strike
1-1: Ball
2-1: Foul Ball, location: 2F
2-2: Foul Ball, location: 2F
2-2: Ground out 3-1 (Groundball, 34S)
Batting: RHB Jud Regan 0-0: Called Strike
0-1: Ground out 3-1 (Groundball, 34)
Bottom of the 7th over - 0 runs, 0 hits, 0 errors, 0 left on base; Alaskan 4 - Houston 1
TOP OF THE 8TH
Alaskan Humpbacks batting - Pitching for Houston BC : RHP Bryan Palmer
Batting: RHB Wally Briggs 0-0: Foul Ball, location: 2F
0-1: Ground out 3-1 (Groundball, 34S)
Batting: RHB Jon Moon 0-0: Called Strike
0-1: Fly out, F8 (Flyball, 8RD)
Batting: LHB Felipe Soto 0-0: Ball
1-0: Foul Ball, location: 2F
1-1: Ball
2-1: Ball
3-1: Ground out 4-3 (Groundball, 4)
Top of the 8th over - 0 runs, 0 hits, 0 errors, 0 left on base; Alaskan 4 - Houston 1
BOTTOM OF THE 8TH
Houston BC batting - Pitching for Alaskan Humpbacks : RHP Sima Babic
Batting: RHB Ken Gardner 0-0: Foul Ball, location: 2F
0-1: Fly out, F8 (Flyball, 8LD)
Batting: RHB Ryoma Yamamoto 0-0: Foul Ball, location: 2F
0-1: Called Strike
0-2: Ball
1-2: SINGLE (Line Drive, 8RS)
Batting: LHB Rich Watkins 0-0: Ball
1-0: Called Strike
1-1: Foul Ball, location: 2F
1-2: Strikes out swinging
Batting: LHB Tony Vega 0-0: Ball
1-0: Ball
2-0: Foul Ball, location: 2F
2-1: Called Strike
2-2: Foul Ball, location: 2F
2-2: Ball
3-2: Fly out, F8 (Flyball, 89D)
Bottom of the 8th over - 0 runs, 1 hit, 0 errors, 1 left on base; Alaskan 4 - Houston 1
TOP OF THE 9TH
Alaskan Humpbacks batting - Pitching for Houston BC : RHP Bryan Palmer
Batting: RHB Chris Walters 0-0: Ball
1-0: Foul Ball, location: 2F
1-1: Fly out, F8 (Flyball, 89XD)
Batting: LHB Dallas Ihde 0-0: Called Strike
0-1: Ball
1-1: Foul Ball, location: 2F
1-2: Ground out U3 (Groundball, 34)
Batting: LHB Gabriel Amezquita 0-0: Ball
1-0: Ball
2-0: Foul Ball, location: 2F
2-1: Ball
3-1: Swinging Strike
3-2: Base on Balls
Batting: RHB Sigi Lang 0-0: Ball
Wild Pitch!
Gabriel Amezquita to second
1-0: Ball
2-0: Ball
3-0: Base on Balls
Batting: RHB Jimbob Ghostkeeper 0-0: Ball
1-0: Foul Ball, location: 2F
1-1: Ball
2-1: Called Strike
2-2: SINGLE (Line Drive, 78S)
Gabriel Amezquita to third
Sigi Lang to second
Runner from 3rd tries for Home, SAFE, throw made home
Pitching: RHP Sandro Burgos
Batting: RHB Erik Sterk 0-0: Ball
1-0: Fielders Choice at 2nd, 6-4 (Groundball, 6)
Top of the 9th over - 1 run, 1 hit, 0 errors, 2 left on base; Alaskan 5 - Houston 1
BOTTOM OF THE 9TH
Houston BC batting - Pitching for Alaskan Humpbacks : RHP Sima Babic
Batting: RHB Abraham Phelps 0-0: Foul Ball, location: 2F
0-1: Ball
1-1: Ball
2-1: Foul Ball, location: 2F
2-2: Strikes out swinging
Batting: RHB Alfredo Mojica 0-0: Called Strike
0-1: Hit by Pitch
Batting: RHB Noël Sassetti 0-0: Ball
1-0: Ball
2-0: Ball
3-0: Called Strike
3-1: Swinging Strike
3-2: Base on Balls
Alfredo Mojica to second
Pitching: RHP Jorge Garza
Batting: RHB José Perea 0-0: Ball
1-0: Foul Ball, location: 2F
1-1: Called Strike
1-2: Ball
2-2: Foul Ball, location: 2F
2-2: Ball
3-2: Strikes out looking
Batting: RHB Jud Regan 0-0: Called Strike
0-1: Swinging Strike
0-2: Ball
1-2: Strikes out swinging
Bottom of the 9th over - 0 runs, 0 hits, 0 errors, 2 left on base; Alaskan 5 - Houston 1
Friday, March 29th, 2019 - OOTP Baseball 18.8 Build 76